 Dungeon Crawl Stone Soup version 0.26-a0-786-g888258f (webtiles) character file.

Game seed: 5423163876341623199

15915 Dega the Fighter (level 12, -4/91 HPs)
             Began as a Demonspawn Fighter on Nov 10, 2020.
             Was a Priest of Hepliaklqana.
             Killed from afar by Appia the battlemage (16 damage)
             ... with a stone arrow
             ... created by the player character
             ... on level 12 of the Dungeon.
             The game lasted 00:24:04 (8446 turns).

Dega the Fighter (Demonspawn Fighter)               Turns: 8446, Time: 00:24:05

Health: -4/91      AC: 18    Str: 27    XL:     12   Next: 5%
Magic:  12/12      EV: 14    Int: 15    God:    Hepliaklqana [***...]
Gold:   466        SH: 11    Dex: 12    Spells: 11/11 levels left

rFire    + + .     SeeInvis .   s - +2 hand axe (flame)
rCold    x . .     Faith    .   c - +0 kite shield
rNeg     + . .     Spirit   .   m - +0 fire dragon scales
rPois    .         Reflect  .   (no helmet)
rElec    .         Harm     .   J - +0 cloak
rCorr    .         Rampage  .   A - +0 pair of gloves of Follow the Leader {rN+ Regen+ Int+4}
MR       .....                  y - +1 pair of boots {Fly}
Stlth    +.........             (no amulet)
HPRegen  0.65/turn              t - +4 ring of evasion
MPRegen  0.13/turn              B - +6 ring of strength

@: flying
A: reduced essence, slimy green scales 2, powered by death 3, spiny 2
a: Recall Ancestor, Ancestor Identity, Transference, Renounce Religion, Stop
Flying


You were on level 12 of the Dungeon.
You worshipped Hepliaklqana.
Hepliaklqana was most pleased with you.
You visited 2 branches of the dungeon, and saw 13 of its levels.

You collected 779 gold pieces.
You spent 313 gold pieces at shops.

Inventory:

Hand Weapons
 s - a +2 hand axe of flaming (weapon)
 N - a +2 war axe of flaming
 Q - a +1 spectral quarterstaff
Missiles
 O - 6 boomerangs (quivered)
Armour
 c - a +0 kite shield (worn)
 m - +0 fire dragon scales (worn)
 y - a +1 pair of boots of flying (worn)
 A - the +0 pair of gloves of Follow the Leader (worn) {rN+ Regen+ Int+4}
   (You bought it in a shop on level 5 of the Dungeon)

   It affects your intelligence (+4).
   It protects you from negative energy.
   It increases your rate of regeneration.
 F - the +3 leather armour of the Leaf {SInv}
   (You bought it in a shop on level 5 of the Dungeon)

   It lets you see invisible.
 J - a +0 cloak (worn)
Jewellery
 t - a +4 ring of evasion (left hand)
 B - a +6 ring of strength (right hand)
 I - an uncursed ring of see invisible
 M - an uncursed ring of stealth {unknown}
 S - an uncursed ring of poison resistance {unknown}
 T - an uncursed ring of ice {unknown}
 V - an uncursed amulet of guardian spirit {unknown}
Wands
 v - a wand of acid (6)
 D - a wand of digging (3)
 G - a wand of polymorph (4)
 U - a wand of random effects (17)
Scrolls
 e - 10 scrolls of identify
 f - 12 scrolls of remove curse {unknown}
 g - 6 scrolls of magic mapping {unknown}
 i - 4 scrolls of fear {unknown}
 n - 4 scrolls of amnesia {unknown}
 o - a scroll of enchant armour {unknown}
 p - 3 scrolls of immolation {unknown}
 u - 4 scrolls of teleportation {unknown}
 C - a scroll of random uselessness {unknown}
 E - 2 scrolls of fog {unknown}
 K - a scroll of noise {unknown}
 L - a scroll of blinking {unknown}
 P - a scroll of enchant weapon {unknown}
 R - a scroll of vulnerability {unknown}
Potions
 a - 2 potions of berserk rage {unknown}
 b - 5 potions of curing
 d - 3 potions of might
 h - 3 potions of mutation {unknown}
 j - 5 potions of degeneration {unknown}
 k - 9 potions of ambrosia {unknown}
 l - 2 potions of haste {unknown}
 q - a potion of attraction {unknown}
 r - a potion of magic {unknown}
 w - 3 potions of brilliance {unknown}
 x - 4 potions of lignification {unknown}
 z - 3 potions of invisibility {unknown}
 H - a potion of flight {unknown}


   Skills:
 + Level 11.8 Fighting
 - Level 8.6 Axes
 + Level 0.2 Throwing
 - Level 6.1 Armour
 - Level 3.1 Dodging
 + Level 4.4 Stealth
 - Level 7.0 Shields
 - Level 6.7 Unarmed Combat


You had 11 spell levels left.
You didn't know any spells.
Your spell library contained the following spells:

 Spells                   Type           Power        Failure   Level
 Magic Dart               Conj           #...         88%         1
 Searing Ray              Conj           #.....       95%         2
 Dazzling Flash           Conj/Hex       #.....       99%         3
 Fulminant Prism          Conj/Hex       #.........   100%        4
 Iskenderun's Mystic Bla  Conj/Tloc      #.......     100%        4


Dungeon Overview and Level Annotations

Branches:
Dungeon (12/15)            Temple (1/1) D:5            Lair (0/6) D:8
    Orc: D:9-12

Altars:
Ashenzari
Cheibriados
Dithmenos
Elyvilon
Fedhas
Gozag
Hepliaklqana
Kikubaaqudgha
Makhleb
Nemelex Xobeh
Okawaru
Qazlal
Ru
Sif Muna
Trog
Uskayaw
Vehumet
Wu Jian
Xom
Yredelemnul
Zin
The Shining One

Shops:
D:5 [   D:7 *   D:11 [


Innate Abilities, Weirdness & Mutations

You are mostly covered in slimy green scales. (AC +3)
You regenerate a lot of health from kills.
You are mostly covered in sharp spines.
Your life essence is reduced to manifest your ancestor. (-10% HP)


Message History

The titanic slime creature is lightly wounded.
The titanic slime creature hits you!!!!
Ouch! That really hurt!
* * * LOW HITPOINT WARNING * * *
Appia hits the titanic slime creature with a +0 quarterstaff!
You are too injured to fight recklessly!
You are too injured to fight recklessly!
Unknown command.
You are too injured to fight recklessly!
Unknown command.
You are too injured to fight recklessly!
Unknown command.
Unknown command.
You are too injured to fight recklessly!
You are too injured to fight recklessly!
Unknown command.
Appia gestures at the titanic slime creature while chanting.
The stone arrow misses the titanic slime creature.
The stone arrow hits you!
You die...

#..'........+..##...
.....#..#........#..#.)..
.....#..#........#..#....
....#####+###..###+#####
#...[.....##+####.##...
#.........#........'...
#.........#........#...
#.........########'#...
#..RJ.@........##..#...
###'######.....#...#...
... #..)).#...+... +...
#..)..#...#... ####
#.....###'#...
##+#....#.##..
#..'....'..#..
#..#....#..'..
####....####..


You could see the friendly Appia the battlemage and a titanic slime creature.

Vanquished Creatures
  A hydra (D:12)
  Erica (D:8)
  3 two-headed ogres
  Pikel (D:4)
  An ugly thing (D:11)
  Joseph (D:7)
  Psyche (D:12)
  A queen bee (D:12)
  3 meliai (D:12)
  Grinder (D:6)
  A vampire (D:9)
  Grum (D:8)
  3 vampire mosquitoes (D:12)
  Menkaure (D:5)
  Duvessa (D:4)
  3 ice beasts
  A sky beast (D:7)
  An orc warrior (D:11)
  4 phantoms
  A black bear (D:8)
  5 ogres
  7 centaurs
  A wolf (D:8)
  3 lemures (D:4)
  Blork the orc (D:5)
  2 big kobolds
  5 bullfrogs
  A gnoll sergeant (D:8)
  Dowan (D:4)
  6 scorpions
  19 killer bees (D:12)
  7 howler monkeys
  7 wights
  4 bullfrog zombies
  A quasit (D:8)
  3 centaur zombies
  5 jellies
  5 orc wizards
  A gnoll shaman (D:7)
  2 orc priests
  A centaur skeleton (D:11)
  2 hounds
  An iguana (D:9)
  10 worker ants
  A hound zombie (D:8)
  2 worker ant zombies
  10 adders
  10 gnolls
  A white imp (D:10)
  An ufetubus (D:7)
  2 adder zombies
  2 adder skeletons (D:8)
  A worm (D:4)
  3 dart slugs
  2 leopard geckos
  20 orcs
  9 bats
  5 giant cockroaches
  8 goblins
  11 hobgoblins
  2 jackals (D:4)
  14 kobolds
  10 quokkas
  A ball python (D:5)
  7 frilled lizards
  A jackal skeleton (D:4)
  A quokka skeleton (D:4)
  A quokka zombie (D:5)
  6 rats
262 creatures vanquished.

Vanquished Creatures (collateral kills)
  A two-headed ogre (D:8)
  A deep elf mage (D:12)
  An efreet (D:12)
  A komodo dragon (D:8)
  A hornet (D:12)
  A meliai zombie (D:10)
  A basilisk (D:12)
  A water moccasin (D:9)
  An eye of draining (D:12)
  A black bear (D:12)
  A wolf (D:8)
  2 ogres
  A centaur (D:11)
  3 scorpions
  2 killer bees (D:12)
  A howler monkey (D:9)
  5 wights
  A bullfrog skeleton (D:8)
  4 hounds
  2 orc wizards (D:12)
  An iguana (D:12)
  A worker ant (D:9)
  An adder (D:9)
  A shadow imp (D:10)
  A white imp (D:8)
  A leopard gecko (D:11)
  5 kobolds
  A quokka (D:11)
  A quokka skeleton (D:6)
45 creatures vanquished.

Vanquished Creatures (others)
  3 battlemagi
  3 ancestors (D:8)
  31 plants (D:8)
37 creatures vanquished.

Grand Total: 344 creatures vanquished

Notes
Turn   | Place    | Note
-------+----------+-------------------------------------------
     0 | D:1      | Dega the Demonspawn Fighter began the quest for the Orb.
     0 | D:1      | Reached XP level 1. HP: 18/18 MP: 1/1
    79 | D:1      | Gained mutation: You are partially covered in sharp spines.
                  | [demonic ancestry]
    79 | D:1      | Reached XP level 2. HP: 22/24 MP: 2/2
   696 | D:1      | Gained mutation: You are partially covered in slimy green
                  | scales. (AC +2) [demonic ancestry]
   696 | D:1      | Reached XP level 3. HP: 29/29 MP: 3/3
  1416 | D:2      | Gained mutation: You regenerate a little health from kills.
                  | [demonic ancestry]
  1416 | D:2      | Reached XP level 4. HP: 35/35 MP: 4/4
  1436 | D:2      | Found a broken altar of Ashenzari.
  1437 | D:2      | Found an opulent altar of Gozag.
  1708 | D:3      | Reached skill level 1 in Unarmed Combat
  1806 | D:3      | Found a white marble altar of Elyvilon.
  2119 | D:3      | Found a glowing golden altar of the Shining One.
  2216 | D:4      | Noticed a phantom
  2223 | D:4      | Reached XP level 5. HP: 41/41 MP: 5/5
  2400 | D:4      | Killed a phantom
  2400 | D:4      | Gained mutation: You regenerate health from kills. [demonic
                  | ancestry]
  2400 | D:4      | Reached XP level 6. HP: 41/48 MP: 6/6
  2512 | D:4      | Reached skill level 4 in Fighting
  2523 | D:4      | Noticed Pikel
  2547 | D:4      | Reached XP level 7. HP: 41/54 MP: 7/7
  2738 | D:4      | Killed Pikel
  2738 | D:4      | Reached skill level 1 in Dodging
  2809 | D:4      | Noticed Dowan
  2810 | D:4      | Noticed Duvessa
  2844 | D:4      | Killed Duvessa
  2844 | D:4      | Gained mutation: You are mostly covered in slimy green
                  | scales. (AC +3) [demonic ancestry]
  2844 | D:4      | Reached XP level 8. HP: 32/61 MP: 8/8
  2851 | D:4      | Killed Dowan
  3124 | D:4      | Found a sparkling altar of Nemelex Xobeh.
  3240 | D:5      | Entered Level 5 of the Dungeon
  3355 | D:5      | Noticed Blork the orc
  3357 | D:5      | Found Dantyelu's Antique Armour Shoppe.
  3364 | D:5      | Killed Blork the orc
  3364 | D:5      | Reached skill level 5 in Axes
  3383 | D:5      | Noticed Menkaure
  3390 | D:5      | Killed Menkaure
  3406 | D:5      | Reached skill level 5 in Shields
  3417 | D:5      | Bought a pair of translucent gloves for 180 gold pieces
  3422 | D:5      | Identified the +0 pair of gloves of Follow the Leader {rN+
                  | Regen+ Int+4} (You bought it in a shop on level 5 of the
                  | Dungeon)
  3484 | D:5      | Found a white marble altar of Elyvilon.
  3515 | D:5      | Found a staircase to the Ecumenical Temple.
  3543 | Temple   | Entered the Ecumenical Temple
  3635 | Temple   | Became a worshipper of Hepliaklqana the Forgotten
  3896 | D:6      | Found a snail-covered altar of Cheibriados.
  3937 | D:6      | Reached skill level 5 in Fighting
  4039 | D:6      | Noticed Grinder
  4056 | D:6      | Killed Grinder
  4071 | D:6      | Reached XP level 9. HP: 59/61 MP: 9/9
  4151 | D:6      | Reached skill level 5 in Armour
  4371 | D:7      | Noticed Joseph
  4386 | D:7      | Killed Joseph
  4386 | D:7      | Reached skill level 5 in Unarmed Combat
  4480 | D:7      | Found a glowing golden altar of the Shining One.
  4480 | D:7      | Noticed an angel
  4490 | D:7      | Found Gagossaf's Hallowed Reliquary.
  4608 | D:5      | Bought a bloodstained leather armour for 133 gold pieces
  4608 | D:5      | Identified the +3 leather armour of the Leaf {SInv} (You
                  | bought it in a shop on level 5 of the Dungeon)
  4668 | D:7      | Reached * piety under Hepliaklqana
  4850 | D:7      | Reached skill level 1 in Stealth
  5068 | D:8      | Noticed a two-headed ogre
  5081 | D:8      | Killed a two-headed ogre
  5196 | D:8      | Noticed a komodo dragon
  5198 | D:8      | Found a staircase to the Lair.
  5205 | D:8      | Noticed Grum
  5207 | D:8      | Killed a komodo dragon
  5207 | D:8      | Reached XP level 10. HP: 63/67 MP: 10/10
  5223 | D:8      | Killed Grum
  5254 | D:8      | Noticed Erica
  5295 | D:8      | Killed Erica
  5295 | D:8      | Reached skill level 6 in Fighting
  5382 | D:8      | Noticed a two-headed ogre
  5395 | D:8      | Killed a two-headed ogre
  5523 | D:8      | Noticed a two-headed ogre
  5534 | D:8      | Killed a two-headed ogre
  5780 | D:8      | Reached skill level 7 in Fighting
  5906 | D:9      | Found a shadowy altar of Dithmenos.
  5958 | D:9      | Found a hide-covered altar of Uskayaw.
  5985 | D:9      | Reached ** piety under Hepliaklqana
  6001 | D:9      | Remembered your ancestor Appia as a battlemage
  6261 | D:9      | Gained mutation: You are mostly covered in sharp spines.
                  | [demonic ancestry]
  6261 | D:9      | Reached XP level 11. HP: 75/75 MP: 11/11
  6668 | D:10     | Entered Level 10 of the Dungeon
  6858 | D:10     | Reached skill level 8 in Fighting
  7307 | D:11     | Found Saheg's Antique Armour Boutique.
  7391 | D:11     | Noticed a green ugly thing
  7418 | D:11     | Killed a green ugly thing
  7418 | D:11     | Reached skill level 9 in Fighting
  7780 | D:12     | Reached *** piety under Hepliaklqana
  7805 | D:12     | Noticed a six-headed hydra
  7805 | D:12     | Noticed a deep elf mage
  7806 | D:12     | Noticed Psyche
  7809 | D:12     | Noticed a two-headed ogre
  7814 | D:12     | Killed a deep elf mage
  7814 | D:12     | Reached skill level 10 in Fighting
  7815 | D:12     | Killed Psyche
  7818 | D:12     | Killed a one-headed hydra
  7826 | D:12     | Killed a two-headed ogre
  8106 | D:12     | Reached skill level 11 in Fighting
  8340 | D:12     | HP: 3/83 [meliai/divine providence (11)]
  8355 | D:12     | Gained mutation: You regenerate a lot of health from kills.
                  | [demonic ancestry]
  8355 | D:12     | Reached XP level 12. HP: 18/90 MP: 12/12
  8446 | D:12     | Killed from afar by Appia the battlemage

Illustrated notes

Levels and vault maps discovered:
D:1:      minmay_arrival_open_corners, layout_basic, minmay_tetromino_i4
D:2:      layout_loops_cross, gammafunk_temple_overflow_statue,
          nrook_loot_triangle, minmay_misc_feat_enclosed
D:3:      layout_basic, overflow_temple_1_default, tso_altar
D:4:      layout_rooms, marbit_many_paths, uniq_pikel, uniq_duvessa
D:5:      layout_rooms, minmay_temple_entry_grid, serial_shops,
          nicolae_shop_temple_entry_statues_fountains, elyvilon_altar_1,
          uniq_menkaure, uniq_blork_the_orc
D:6:      layout_basic, basic_altar, uniq_grinder
D:7:      layout_loops_cross, nicolae_good_shop, uniq_joseph
D:8:      layout_gridville, david_lair_shrubbed, uniq_erica, uniq_grum
D:9:      layout_irregular_city, kennysheep_mini, eat_drink_and_be_merry_uskayaw
D:10:     layout_roguey, minivault_25_ag, hangedman_decor_points
D:11:     layout_rooms, serial_shops, shop
D:12:     layout_gridville, minmay_orc_entry_guard_dogs, special_room
          [special_room_bee], hangedman_abyss_or_decor_stabs, uniq_psyche
Temple:   eino_temple_rhombus

Skill      XL: |  1  2  3  4  5  6  7  8  9 10 11 |
---------------+----------------------------------+-----
Shields        | 3 4 5 6 7 |  7.0
Axes           | 2 3 4 5 7 8 |  8.6
Armour         | 3 4 5 6 |  6.1
Unarmed Combat | 1 2 3 4 5 6 |  6.7
Fighting       | 4 5 7 11 | 11.8
Dodging        | 1 2 3 |  3.1
Stealth        | 1 4 |  4.4
Throwing       | |  0.2

Action                   |  1- 3 |  4- 6 |  7- 9 | 10-12 || total
-------------------------+-------+-------+-------+-------++-------
Melee: War axe           |    89 |    24 |       |       ||   113
       Hand axe          |       |    75 |   277 |   383 ||   735
       Unarmed           |       |       |    17 |       ||    17
Throw: Boomerang         |       |       |       |     1 ||     1
Invok: Ancestor Life: Ba |       |       |       |     1 ||     1
  Use: Scroll            |       |       |     1 |     2 ||     3
       Potion            |       |       |       |    11 ||    11
 Stab: Invisible         |       |       |       |     4 ||     4
Armor: Scale mail        |    38 |       |       |       ||    38
       Fire dragon scale |     2 |    32 |    80 |   133 ||   247
       Skin              |       |       |     1 |       ||     1
Dodge: Dodged            |    21 |    28 |    99 |   177 ||   325
Block: Kite shield       |    43 |    51 |   139 |   225 ||   458

Table legend: (Time is in decaauts)
 A = Elapsed time spent in this place.
 B = Non-inter-level travel time spent in this place.
 C = Inter-level travel time spent in this place.
 D = Time resting spent in this place.
 E = Time spent auto-exploring this place.
 F = Levels seen in this place.
 G = Mean time per level.
                   A        B        C        D        E       F      G
               +--------+--------+--------+--------+--------+-----+--------+
         Total |   8537 |   7978 |    559 |      0 |   6113 |  13 |  656.7 |
       Dungeon |   8379 |   7844 |    535 |      0 |   5981 |  12 |  698.2 |
        Temple |    157 |    133 |     24 |      0 |    132 |   1 |  157.0 |
               +--------+--------+--------+--------+--------+-----+--------+

Top non-repeatable levels by time:
     D:4: 919 daAuts
     D:1: 884 daAuts
     D:8: 872 daAuts
     D:2: 848 daAuts
     D:9: 768 daAuts
    D:12: 709 daAuts
     D:3: 665 daAuts
    D:10: 635 daAuts
     D:7: 588 daAuts
     D:6: 558 daAuts
     D:5: 508 daAuts
    D:11: 421 daAuts
  Temple: 157 daAuts
